 Dungeon Crawl Stone Soup version 0.30-a0-1160-g6e42c06551 (webtiles) character file.

Game seed: 3496722705911769315

31 kae the Insei (level 2, 0/22 HPs)
             Began as a Demigod Transmuter on Apr 25, 2023.
             Slain by an adder (4 damage)
             ... on level 2 of the Dungeon.
             The game lasted 00:00:58 (1019 turns).

kae the Insei (Demigod Transmuter)                  Turns: 1019, Time: 00:00:58

Health: 0/22       AC:  2    Str: 11    XL:     2   Next: 90%
Magic:  8/8        EV: 12    Int: 15    God:
Gold:   114        SH:  0    Dex: 14    Spells: 2/5 levels left

rFire   . . .        d - +0 short sword (venom)
rCold   . . .        (no shield)
rNeg    . . .        a - +0 robe
rPois   .            (helmet currently unavailable)
rElec   .            (no cloak)
rCorr   .            (no gloves)
SInv    .            (boots currently unavailable)
Will    .....        (no amulet)
Stlth   +            (no ring)
HPRegen 0.23/turn    (no ring)
MPRegen 0.11/turn

%: no passive effects
@: appendages (expiring)
A: horns 2, talons 2, high MP 1, forlorn, divine attributes
a: End Transformation


You were on level 2 of the Dungeon.
You had temporarily grown beastly horns and talons.
You visited 1 branch of the dungeon, and saw 2 of its levels.

You collected 114 gold pieces.


Innate Abilities, Weirdness & Mutations

You have temporarily grown beastly horns and talons.
You have an increased reservoir of magic. (+10% MP)
You shall have no god before yourself.
Your divine heritage dramatically boosts your attributes as you level up.


   Skills:
 - Level 0.8 Fighting
 - Level 1.7 Dodging
 - Level 2.6 Unarmed Combat
 + Level 2.4 Spellcasting
 + Level 2.6 Transmutations


You had 2 spell levels left.
You knew the following spells:

 Your Spells              Type           Power      Damage    Failure   Level
a - Beastly Appendage     Tmut           18%        N/A       8%          1
b - Wereblood             Tmut           9%         N/A       11%         2

Your spell library contained the following spells:

 Spells                   Type           Power      Damage    Failure   Level
 Passwall                 Tmut/Erth      4%         N/A       19%         2
 Sandblast                Erth           2%         2d4       22%         1
 Spider Form              Tmut/Pois      5%         N/A       36%         3
 Inner Flame              Hex/Fire       1%         N/A       54%         3
 Stone Arrow              Conj/Erth      2%         3d7       54%         3
 Ice Form                 Ice/Tmut       5%         N/A       77%         4
 Flame Wave               Conj/Fire      1%         2d4       91%         4
 Sticky Flame             Conj/Fire      1%         2d3       91%         4

Inventory:

Hand Weapons
 d - a +0 short sword of venom (weapon)
   (You found it on level 1 of the Dungeon)
Missiles
 f - 6 stones
Armour
 a - a +0 robe (worn)
Potions
 b - a potion of lignification {!q}
 c - a potion of attraction {unknown}
 e - a potion of flight {unknown}
 h - a potion of brilliance
 i - a potion of magic {unknown}

Dungeon Overview and Level Annotations

Branches:
Dungeon (2/15) Zot: 10980

.. #. ######.##
........#
........#
........#
......Sg#
.......@# .#
........###
#########.#
######....#
#.........#
####.###.........#
#.............#
####..........#
##.........#
#.........#
#.........##


You could see an adder and a goblin.


Message History

You lost 1 mp, and now have 7/8 mp.
You barely miss the ball python.
The ball python bites you but does no damage.
The ball python constricts you.
You hit the ball python.
The ball python is poisoned.
The ball python bites you.
The ball python constricts you. 😕 HP[-4]
You take 4 damage, and now have 17/22 hp.
You closely miss the ball python.
You kill the ball python!
No target in view!
No target in view!
No target in view!
Unknown command.
Your magical contamination has completely faded away. 😕 HP[+1]
A goblin comes into view. It is wielding a +0 club.
The goblin shouts! 😎 HP[+4] MP[+1]
Your hp is fully restored (22).
Your mp is fully restored (8).
Unknown command.
A goblin is nearby!
A goblin is nearby!
Unknown command.
A goblin is nearby!
An adder comes into view.
The goblin hits you with a +0 club. 😕 HP[-3]
You take 3 damage, and now have 19/22 hp.
Casting: Beastly Appendage (safe; 8% risk of failure)
Confirm with . or Enter, or press ? or * to list all spells.
You grow a pair of large bovine horns.
Your feet morph into talons.
The goblin barely misses you. The goblin barely misses you. 😕 MP[-1]
You lost 1 mp, and now have 7/8 mp.
There are monsters nearby!
You barely miss the adder. The adder bites you.
You are poisoned.
The adder poisons you! The adder misses you.
The goblin hits you but does no damage.
You barely miss the adder. You claw the adder. Your punch misses the adder.
You feel sick. The adder barely misses you.
The goblin hits you with a +0 club. 😮 HP[-4]
You take 4 damage, and now have 15/22 hp.
You closely miss the adder. Your headbutt misses the adder.
You feel sick. The adder misses you. The goblin hits you with a +0 club.
* * * LOW HITPOINT WARNING * * *
😨 HP[-4]
You take 4 damage, and now have 11/22 hp.
You closely miss the adder. Your headbutt misses the adder.
You feel sick. The adder closely misses you.
The goblin hits you with a +0 club.
* * * LOW HITPOINT WARNING * * *
😨 HP[-2]
You take 2 damage, and now have 9/22 hp.
Unknown command.
You closely miss the adder. Your kick misses the adder.
You feel sick.
You are no longer poisoned.
The adder barely misses you. The adder bites you.
* * * LOW HITPOINT WARNING * * *
The goblin hits you but does no damage. 😨 HP[-2]
You take 2 damage, and now have 7/22 hp.
You closely miss the adder. Your headbutt misses the adder.
Your transformation is almost over.
The adder bites you.
* * * LOW HITPOINT WARNING * * *
You are poisoned.
The adder poisons you! The goblin hits you with a +0 club.
* * * LOW HITPOINT WARNING * * *
You barely miss the adder.
* * * LOW HITPOINT WARNING * * *
You feel sick. The adder barely misses you.
The goblin closely misses you. 😱 HP[-4] MP[+1]
You take 4 damage, and now have 3/22 hp.
Your mp is fully restored (8).
It was a potion of curing.
You feel better. The adder bites you.
* * * LOW HITPOINT WARNING * * *
The adder barely misses you. The goblin closely misses you. 😨 HP[+7]
You regained 7 hp, and now have 10/22 hp.
You barely miss the adder. Your kick misses the adder. The adder bites you.
* * * LOW HITPOINT WARNING * * *
The goblin hits you with a +0 club.
* * * LOW HITPOINT WARNING * * *
😨 HP[-2]
You take 2 damage, and now have 8/22 hp.
You hit the adder. Your kick misses the adder. The adder closely misses you.
The goblin hits you with a +0 club.
* * * LOW HITPOINT WARNING * * *
😱 HP[-4]
You take 4 damage, and now have 4/22 hp.
Unknown command.
You closely miss the adder. Your kick misses the adder.
Your headbutt misses the adder. The adder bites you but does no damage.
The adder barely misses you. The goblin misses you.
You closely miss the adder. You claw the adder. Your headbutt misses the adder.
The adder bites you but does no damage. The goblin closely misses you.
You barely miss the adder. Your kick misses the adder. The adder bites you.
You die...

Skill      XL: |  1 |
---------------+----+-----
Spellcasting   | 2 |  2.4
Transmutations | 2 |  2.6
Fighting       | |  0.8
Dodging        | |  1.7
Unarmed Combat | |  2.6

Action                     || total
---------------------------++-------
  Melee: Short sword       ||    63
         Kick              ||    14
         Headbutt          ||     4
         Punch             ||     1
   Cast: Beastly Appendage ||    17
    Use: Scroll            ||     3
         Potion            ||     1
   Stab: Sleeping          ||     1
 Armour: Robe              ||    14
  Dodge: Dodged            ||    45

Levels and vault maps discovered:
D:1:      dpeg_arrival_shrine, layout_loops_cross
D:2:      layout_basic, uniq_robin, uniq_sigmund

Notes
Turn   | Place    | Note
-------+----------+-------------------------------------------
     0 | D:1      | kae the Demigod Transmuter began the quest for the Orb.
     0 | D:1      | Reached XP level 1. HP: 15/15 MP: 5/5
     0 | D:1      | magus.rc [v1.11.3]
   178 | D:1      | Reached skill level 2 in Spellcasting
   178 | D:1      | Reached skill level 2 in Transmutations
   233 | D:1      | Reached XP level 2. HP: 18/22 MP: 4/7
   239 | D:1      | Learned a level 2 spell: Wereblood
   374 | D:1      | You pick up a book of Geomancy and begin reading...
   374 | D:1      | You add the spells Sandblast, Passwall and Stone Arrow to
                  | your library.
   537 | D:1      | You pick up a book of Flames and begin reading...
   537 | D:1      | You add the spells Inner Flame, Sticky Flame and Flame Wave
                  | to your library.
  1012 | D:2      | HP: 4/22 [goblin/+0 club (2)]
  1019 | D:2      | Slain by an adder

Vanquished Creatures
  A dart slug (D:1)
  7 ball pythons
  3 endoplasms (D:1)
  A giant cockroach (D:1)
  4 hobgoblins (D:1)
  2 bats (D:1)
  2 frilled lizards (D:1)
  3 goblins
  A kobold (D:1)
  3 rats
27 creatures vanquished.

Table legend:
 A = Non-vault XP
 B = Vault XP
 C = Vault XP percentage of total XP
 D = Non-vault monster count
 E = Vault monster count
 F = Vault count percentage of total count
                 A         B        C        D         E       F
            +---------+---------+-------+---------+---------+-------
      Total |      45 |       0 |   0.0 |      27 |       0 |   0.0
            +---------+---------+-------+---------+---------+-------
        D:1 |      39 |       0 |   0.0 |      23 |       0 |   0.0
        D:2 |       6 |       0 |   0.0 |       4 |       0 |   0.0
            +---------+---------+-------+---------+---------+-------

Skill      XL: |  1 |
---------------+----+-----
Spellcasting   | 2 |  2.4
Transmutations | 2 |  2.6
Fighting       | |  0.8
Dodging        | |  1.7
Unarmed Combat | |  2.6

Action                     || total
---------------------------++-------
  Melee: Short sword       ||    63
         Kick              ||    14
         Headbutt          ||     4
         Punch             ||     1
   Cast: Beastly Appendage ||    17
    Use: Scroll            ||     3
         Potion            ||     1
   Stab: Sleeping          ||     1
 Armour: Robe              ||    14
  Dodge: Dodged            ||    45

Illustrated notes

Table legend:
 A = Kills in this place as a percentage of kills in the entire game.
 B = Kills by you in this place as a percentage of kills by you in the entire game.
 C = Kills by friends in this place as a percentage of kills by friends in the entire game.
 D = Other kills in this place as a percentage of other kills in the entire game.
 E = Experience gained in this place as a percentage of experience gained in the entire game.
 F = Experience gained in this place divided by the number of levels of this place that you have seen.
                   A       B       C       D       E      F
               +-------+-------+-------+-------+-------+----------------------
         Total | 100.0 | 100.0 |   N/A |   N/A | 100.0 |  22.5
       Dungeon | 100.0 | 100.0 |   N/A |   N/A | 100.0 |  22.5
               +-------+-------+-------+-------+-------+----------------------

Table legend: (Time is in decaauts)
 A = Elapsed time spent in this place.
 B = Non-inter-level travel time spent in this place.
 C = Inter-level travel time spent in this place.
 D = Time resting spent in this place.
 E = Time spent auto-exploring this place.
 F = Levels seen in this place.
 G = Mean time per level.
                   A        B        C        D        E       F      G
               +--------+--------+--------+--------+--------+-----+--------+
         Total |   1018 |    990 |     28 |      0 |    780 |   2 |  509.0 |
       Dungeon |   1018 |    990 |     28 |      0 |    780 |   2 |  509.0 |
               +--------+--------+--------+--------+--------+-----+--------+

Top non-repeatable levels by time:
     D:1: 887 daAuts
     D:2: 131 daAuts
